 Dungeon Crawl Stone Soup version 0.30.0-29-ga12c61a403 (webtiles) character file.

Game seed: 7779668250978987641

15754 Bnni the Geomancer (level 12, -5/85 (94) HPs)
             Began as a Formicid Earth Elementalist on June 3, 2023.
             Was a Follower of Cheibriados.
             Slain by a skeletal warrior
             ... wielding a +0 battleaxe
              (22 damage)
             ... on level 11 of the Dungeon on June 4, 2023.
             The game lasted 00:31:25 (12446 turns).

Bnni the Geomancer (Formicid Earth Elementalist)   Turns: 12446, Time: 00:31:25

HP:   -5/85 (94)    AC: 19    Str: 18    XL:     12   Next: 61%
MP:   12/24         EV:  6    Int: 21    God:    Cheibriados [*.....]
Gold: 365           SH:  6    Dex: 23    Spells: 8/27 levels left

rFire   . . .        i - +2 trident (venom)
rCold   . . .        A - +0 buckler
rNeg    . . .        l - +2 plate armour {Will+}
rPois   .            (helmet unavailable)
rElec   .            w - scarf {+Inv}
rCorr   .            z - +1 pair of gloves
SInv    +            n - +1 pair of boots
Will    ++...        L - amulet of regeneration Stlth
                     d - +6 ring of dexterity
HPRegen 1.14/turn    (no ring)
MPRegen 0.19/turn

%: no passive effects
@: drained, very slow
A: permanent stasis, dig shafts and tunnels, antennae 3, four strong arms
a: Dig, Shaft Self, Renounce Religion, Evoke Invisibility, Bend Time


You were on level 11 of the Dungeon.
You worshipped Cheibriados.
Cheibriados was aware of your devotion.
You visited 2 branches of the dungeon, and saw 12 of its levels.
You also visited: Bailey.

You collected 728 gold pieces.
You spent 363 gold pieces at shops.

Inventory:

Hand Weapons
 i - a +2 trident of venom (weapon)
Missiles
 G - 16 poisoned darts
 O - 4 curare-tipped darts
Armour
 l - a +2 plate armour of willpower (worn)
 n - a +1 pair of boots (worn)
 w - a scarf of invisibility (worn)
 z - a +1 pair of gloves (worn)
 A - a +0 buckler (worn)
Magical Staves
 x - a staff of conjuration
Jewellery
 d - a +6 ring of dexterity (left hand)
 L - an amulet of regeneration (around neck)
Wands
 c - a wand of mindburst (10)
 j - a wand of flame (16)
 o - a wand of roots (8)
 u - a wand of acid (13)
 F - a wand of charming (10)
Scrolls
 a - 3 scrolls of enchant weapon {unknown}
 g - 4 scrolls of enchant armour
 h - 2 scrolls of immolation {unknown}
 m - a scroll of butterflies {unknown}
 r - 2 scrolls of noise {unknown}
 s - 3 scrolls of fear {unknown}
 t - 3 scrolls of blinking {unknown}
 v - 2 scrolls of amnesia {unknown}
 y - 5 scrolls of vulnerability
 B - a scroll of teleportation {unknown}
 D - 3 scrolls of magic mapping {unknown}
 E - a scroll of brand weapon {unknown}
 I - a scroll of fog
 K - a scroll of torment {unknown}
Potions
 b - 4 potions of magic
 e - a potion of brilliance
 f - 2 potions of might
 k - 4 potions of cancellation {unknown}
 p - 5 potions of curing
 q - 3 potions of flight
 C - a potion of haste {unknown}
 H - 2 potions of heal wounds
 J - 2 potions of degeneration {unknown}
 M - a potion of mutation {unknown}
 N - a potion of ambrosia {unknown}


   Skills:
 + Level 8.8 Fighting
 + Level 6.4 Armour
 - Level 1.7 Dodging
 - Level 2.4 Stealth
 - Level 4.0 Shields
 + Level 8.4 Spellcasting
 - Level 3.0 Conjurations
 - Level 3.0 Summonings
 - Level 3.0 Transmutations
 * Level 14.0 Earth Magic
 + Level 8.8 Invocations


You had 8 spell levels left.
You knew the following spells:

 Your Spells              Type           Power      Damage    Failure   Level
a - Sandblast             Erth           100%       2d20      1%          1
b - Passwall              Tmut/Erth      36%        N/A       14%         2
c - Stone Arrow           Conj/Erth      88%        3d12      26%         3
d - Petrify               Tmut/Erth      44%        N/A       65%         4
e - Lee's Rapid Deconstr  Erth           30%        3d16*     26%         5
g - Animate Armour        Summ/Erth      88%        N/A       65%         4

Your spell library contained the following spells:

 Spells                   Type           Power      Damage    Failure   Level
 Magic Dart               Conj           84%        1d7       65%         1
 Summon Small Mammal      Summ           84%        N/A       65%         1
 Call Imp                 Summ           42%        N/A       78%         2
 Searing Ray              Conj           42%        2d6       78%         2
 Apportation              Tloc           16%        N/A       96%         1
 Ensorcelled Hibernation  Hex/Ice        16%        N/A       99%         2
 Dazzling Flash           Conj/Hex       30%        N/A       99%         3
 Hailstorm                Conj/Ice       15%        3d5       99%         3
 Ignite Poison            Fire/Tmut/Pois 13%        N/A       99%         3
 Mephitic Cloud           Conj/Pois/Air  13%        N/A       99%         3
 Fulminant Prism          Conj/Hex       7%         3d6       100%        4
 Ice Form                 Ice/Tmut       15%        N/A       100%        4
 Sticky Flame             Conj/Fire      15%        2d4       100%        4
 Agony                    Necr           8%         N/A       100%        5
 Alistair's Intoxication  Tmut/Pois      10%        N/A       100%        5
 Silence                  Hex/Air        4%         N/A       100%        5
 Simulacrum               Ice/Necr       4%         N/A       100%        6
 Ignition                 Fire           4%         3d4       100%        8
 Swiftness                Air            Unusable   N/A       N/A         3

Dungeon Overview and Level Annotations

Branches:
Dungeon (11/15)            Temple (1/1) D:6            Lair (0/5) D:10
    Orc (0/2) D:9          Bailey (visited)

Altars:
Ashenzari
Cheibriados
Dithmenos
Elyvilon
Fedhas
Gozag
Hepliaklqana
Kikubaaqudgha
Makhleb
Nemelex Xobeh
Okawaru
Qazlal
Ru
Sif Muna
Trog
Uskayaw
Vehumet
Wu Jian
Xom
Yredelemnul
Zin
The Shining One

Shops:
D:1 !   D:4 **   D:9 (

Annotations:
D:8 3 runed translucent doors


Innate Abilities, Weirdness & Mutations

You cannot be hasted, slowed, berserked, paralysed or teleported.
You can dig through walls and to a lower floor.
You have a pair of large antennae on your head. (SInv)
Your four strong arms can wield two-handed weapons with a shield.


Message History

You destroy the skeletal warrior!
Cheibriados appreciates the change of pace.
Your Earth Magic skill increases to level 14!
Aiming: Sandblast (safe; 1% risk of failure)
Press: ? - help, Q - select action, (/) - cycle Shift-Dir - straight line, f - you That would be overly suicidal.
Okay, then.
Unknown command.
You start resting.
A skeletal warrior comes into view. It is wielding a +0 halberd.
A skeletal warrior comes into view. It is wielding a +0 battleaxe.
You extend your mandibles.
You dig through the rock wall.
You feel drained.
You dig through the rock wall.
You feel drained.
You dig through the rock wall.
You feel drained.
You start resting.
You sense a monster nearby.
You start resting.
A skeletal warrior is nearby!
Aiming: Sandblast (safe; 1% risk of failure)
Press: ? - help, Q - select action, (/) - cycle Shift-Dir - straight line, f - skeletal warrior
Aim: a skeletal warrior, wielding a +0 battleaxe (85% to hit)
The blast of sand hits the skeletal warrior but does no damage.
The skeletal warrior hits you with a +0 battleaxe!!
You block the skeletal warrior's attack.
Okay, then.
Casting: Sandblast (safe; 1% risk of failure)
Confirm with . or Enter, or press ? or * to list all spells.
Aiming: Passwall (safe; 14% risk of failure)
Press: ? - help, Dir - move target, p - skeletal warrior A rock wall.
The skeletal warrior hits you with a +0 battleaxe!
You begin to meditate on the wall.
You continue meditating on the rock.
The skeletal warrior hits you with a +0 battleaxe!!
You continue meditating on the rock.
The skeletal warrior hits you with a +0 battleaxe!
* * * LOW HITPOINT WARNING * * *
You continue meditating on the rock.
The skeletal warrior hits you with a +0 battleaxe!!
You die...

.......#...'z......#
......#...#{..z...#
#....#####.......#
#..............###
#.........)....#
#.......{......##
#......##{###...#
#......###z##...#
######......##@###...#
............#### #...#
########....######...#
#.............#######
#........(..........#
#...................#
##...................#
..........###'#######..#
................#.........#..#


You could see a skeletal warrior.

Vanquished Creatures
  2 vault guards (Bailey)
  3 two-headed ogres
  A skeletal warrior (D:11)
  2 cyclopes (D:11)
  Maggie (D:8)
  An unseen horror (D:11)
  Grinder (D:4)
  Prince Ribbit (Bailey)
  Sigmund (D:3)
  A wraith (D:10)
  12 yaks (D:10)
  A wyvern (D:9)
  14 humans
  2 vampire mosquitoes (D:10)
  3 steam dragons
  Grum (D:8)
  An acid dragon (D:9)
  A hornet zombie (D:7)
  5 orc warriors
  2 sky beasts (D:6)
  3 black bears
  2 ice beasts
  4 wolves (D:8)
  4 centaurs (D:9)
  4 ogres
  A phantom (D:5)
  2 kobold brigands
  16 bullfrogs
  2 gnoll sergeants (D:5)
  A scorpion (D:5)
  11 wights
  An electric eel (D:10)
  3 howler monkeys
  2 centaur zombies (D:7)
  2 bullfrog zombies (D:7)
  A hound (D:7)
  9 orc priests
  Ijyb (D:5)
  A jelly (D:4)
  Terence (D:2)
  2 iguanas
  14 orc wizards
  2 howler monkey zombies (D:7)
  Robin (D:4)
  5 adders
  15 gnolls
  A white imp (D:7)
  An ufetubus (D:6)
  4 dart slugs
  37 orcs
  6 endoplasms
  4 giant cockroaches
  17 goblins
  26 hobgoblins
  8 jackals (D:3)
  3 quokkas
  6 ball pythons
  3 bats
  13 frilled lizards (D:3)
  18 kobolds
  7 rats
320 creatures vanquished.

Vanquished Creatures (others)
  A bullfrog (Bailey)
1 creature vanquished.

Grand Total: 321 creatures vanquished

Notes
Turn   | Place    | Note
-------+----------+-------------------------------------------
     0 | D:1      | Bnni the Formicid Earth Elementalist began the quest for
                  | the Orb.
     0 | D:1      | Reached XP level 1. HP: 13/13 MP: 3/3
   135 | D:1      | Reached XP level 2. HP: 20/20 MP: 3/5
   138 | D:1      | Reached skill level 4 in Earth Magic
   201 | D:1      | Found Fops's Distillery.
   234 | D:1      | Reached XP level 3. HP: 25/25 MP: 3/6
   237 | D:1      | Learned a level 2 spell: Passwall
   241 | D:1      | Learned a level 3 spell: Stone Arrow
   302 | D:1      | Reached skill level 1 in Fighting
   650 | D:1      | Found a faded altar of an unknown god.
   657 | D:1      | Got Plato's Omnibus of Adjuration
  1268 | D:2      | Found a blossoming altar of Fedhas.
  1296 | D:2      | Reached XP level 4. HP: 32/32 MP: 1/7
  1438 | D:2      | Noticed Terence
  1797 | D:2      | Killed Terence
  2278 | D:1      | Bought a potion of heal wounds for 55 gold pieces
  2460 | D:3      | Reached skill level 5 in Earth Magic
  2460 | D:3      | Reached XP level 5. HP: 33/38 MP: 9/9
  2513 | D:3      | Noticed Sigmund
  2527 | D:3      | Killed Sigmund
  2528 | D:3      | Reached XP level 6. HP: 36/46 MP: 5/11
  2908 | D:3      | Learned a level 4 spell: Petrify
  3091 | D:3      | Found a basalt altar of Yredelemnul.
  3374 | D:4      | Noticed Robin
  3381 | D:4      | Killed Robin
  3395 | D:4      | Reached skill level 6 in Earth Magic
  3461 | D:4      | Found Yjergh's Elemental Accessories.
  3581 | D:4      | Reached XP level 7. HP: 43/52 MP: 8/12
  3622 | D:4      | Found Bummugas's General Store.
  3896 | D:4      | Noticed Grinder
  3901 | D:4      | Killed Grinder
  3902 | D:4      | Reached skill level 1 in Conjurations
  3902 | D:4      | Reached skill level 7 in Earth Magic
  3902 | D:4      | Reached skill level 1 in Invocations
  3902 | D:4      | Reached XP level 8. HP: 51/60 MP: 8/14
  4504 | D:5      | Entered Level 5 of the Dungeon
  4605 | D:5      | Reached skill level 8 in Earth Magic
  4865 | D:5      | Noticed Ijyb
  4885 | D:5      | Killed Ijyb
  5016 | D:5      | Reached XP level 9. HP: 31/66 MP: 2/16
  5197 | D:5      | Reached skill level 1 in Shields
  5340 | D:5      | Reached skill level 5 in Spellcasting
  5527 | D:5      | Identified the +2 dagger "Omophi" {heavy, rElec Int+4
                  | Dex+2}
  5866 | D:6      | Reached skill level 1 in Summonings
  5905 | D:6      | Reached skill level 5 in Fighting
  5905 | D:6      | Reached skill level 9 in Earth Magic
  6224 | D:6      | Found a hazy altar of Hepliaklqana.
  6225 | D:6      | Found a shadowy altar of Dithmenos.
  6353 | D:6      | Found a staircase to the Ecumenical Temple.
  6374 | Temple   | Entered the Ecumenical Temple
  7388 | D:7      | Reached skill level 5 in Invocations
  7388 | D:7      | Reached XP level 10. HP: 75/75 MP: 13/18
  7452 | D:7      | Reached skill level 10 in Earth Magic
  7618 | D:7      | Reached skill level 1 in Armour
  7831 | D:7      | Found a flagged portal.
  7853 | Bailey   | Entered a bailey
  8182 | Bailey   | Noticed Prince Ribbit
  8201 | Bailey   | Reached skill level 11 in Earth Magic
  8327 | Bailey   | Killed Prince Ribbit
  8328 | Bailey   | Reached XP level 11. HP: 78/83 MP: 11/21
  8329 | Bailey   | Noticed a vault guard
  8345 | Bailey   | Killed a vault guard
  8564 | Bailey   | Noticed a vault guard
  8573 | Bailey   | Killed a vault guard
  8574 | Bailey   | Reached skill level 12 in Earth Magic
  9177 | D:8      | Noticed Grum
  9194 | D:8      | Killed Grum
  9547 | D:8      | Noticed Maggie
  9564 | D:8      | Killed Maggie
  9728 | D:8      | Found a snail-covered altar of Cheibriados.
  9734 | D:8      | Became a worshipper of Cheibriados the Contemplative
  9905 | D:8      | Found a runed translucent gate.
  9905 | D:8      | Found a runed translucent gate.
  9905 | D:8      | Found a runed translucent gate.
  9918 | D:8      | Noticed a brown ugly thing
  9918 | D:8      | Noticed a glowing orange brain
  9918 | D:8      | Noticed a green ugly thing
  9918 | D:8      | Noticed a green ugly thing
  9919 | D:8      | Noticed a white ugly thing
 10053 | D:9      | Noticed a two-headed ogre
 10059 | D:9      | Killed a two-headed ogre
 10060 | D:9      | Reached skill level 5 in Armour
 10252 | D:9      | Found a white marble altar of Elyvilon.
 10256 | D:9      | Found a burning altar of Makhleb.
 10381 | D:9      | Noticed a two-headed ogre
 10386 | D:9      | Killed a two-headed ogre
 10570 | D:4      | Bought the Catalogue of Silt for 308 gold pieces
 10576 | D:4      | Learned a level 5 spell: Lee's Rapid Deconstruction
 10581 | D:4      | Learned a level 4 spell: Animate Armour
 10711 | D:9      | Found Moossaic's Weapon Boutique.
 10799 | D:9      | Found a staircase to the Orcish Mines.
 10919 | D:9      | Reached skill level 13 in Earth Magic
 11030 | D:9      | Reached XP level 12. HP: 83/92 MP: 21/23
 11225 | D:10     | Entered Level 10 of the Dungeon
 11241 | D:10     | Found a hide-covered altar of Uskayaw.
 11248 | D:10     | Found an iron altar of Okawaru.
 11259 | D:10     | Found a radiant altar of Vehumet.
 11286 | D:10     | Found a sacrificial altar of Ru.
 11286 | D:10     | Found an ornate altar of the Wu Jian Council.
 11299 | D:10     | Noticed a two-headed ogre
 11301 | D:10     | Killed a two-headed ogre
 11401 | D:10     | Reached * piety under Cheibriados
 12119 | D:10     | Found a staircase to the Lair.
 12402 | D:11     | Noticed a skeletal warrior
 12414 | D:11     | Killed a skeletal warrior
 12415 | D:11     | Reached skill level 14 in Earth Magic
 12431 | D:11     | Noticed a skeletal warrior
 12432 | D:11     | Noticed a skeletal warrior
 12446 | D:11     | Slain by a skeletal warrior

Illustrated notes

Levels and vault maps discovered:
D:1:      sevenhm_arrival_forest_fort_large_2, layout_loops_corners,
          serial_shops, shop, shapermc_ecumenical_altar_rom_forum,
          minmay_cut_off
D:2:      layout_loops_ring, basic_altar, uniq_terence
D:3:      layout_basic, general_overflow_altar, dreamdust_princess_bridge,
          minmay_lizard_king, uniq_sigmund
D:4:      layout_loops_ring, serial_shops, shop, nicolae_elemental_shop,
          uniq_grinder, uniq_robin
D:5:      layout_loops_ring, chequers_garden, nicolae_goblin_pals
D:6:      layout_basic, riverfiend_overflow_shadow_ancestor,
          minmay_temple_entry_proselytizer, kennysheep_generic_room_14
D:7:      layout_basic, serial_undead, serial_undead_b, serial_undead_d,
          serial_undead_f, serial_undead_a, enter_bailey_4
D:8:      layout_basic, overflow_temple_1_default,
          ploomutoo_gammafunk_ghost_potion_laboratory, minmay_ruffians,
          uniq_maggie, uniq_grum
D:9:      layout_long_grid, nicolae_overflow_squiral, orc_david_3,
          serial_park_tiny_pond
D:10:     layout_long_grid, grunt_temple_overflow_open,
          grunt_lair_entry_orc_guard_hut, kennysheep_generic_room_4
D:11:     layout_irregular_city, minmay_shop_grid_forest, uniq_snorg,
          uniq_maurice
Temple:   nicolae_temple_bog_church

Skill      XL: |  1  2  3  4  5  6  7  8  9 10 11 12 |
---------------+-------------------------------------+-----
Earth Magic    | 4 5 6 7 8 9 11 13 14 | 14.0
Fighting       | 1 2 3 4 5 6 8 |  8.8
Transmutations | 2 3 |  3.0
Spellcasting   | 3 4 5 6 7 8 |  8.4
Conjurations   | 1 2 3 |  3.0
Invocations    | 1 3 5 6 7 8 |  8.8
Shields        | 3 4 |  4.0
Summonings     | 2 3 |  3.0
Armour         | 3 5 6 |  6.4
Dodging        | |  1.7
Stealth        | |  2.4

Action                     |  1- 3 |  4- 6 |  7- 9 | 10-12 || total
---------------------------+-------+-------+-------+-------++-------
  Melee: Dagger            |    16 |     4 |    12 |       ||    32
         Trident           |       |   110 |    26 |    54 ||   190
         Punch             |       |     1 |       |       ||     1
  Throw: Throwing net      |       |     1 |       |       ||     1
         Dart              |       |       |     1 |    20 ||    21
   Cast: Sandblast         |    37 |    48 |   186 |   289 ||   560
         Stone Arrow       |       |     1 |       |    13 ||    14
         Passwall          |       |       |       |     1 ||     1
         Lee's Rapid Decon |       |       |       |     1 ||     1
Ability: Dig               |       |       |       |     4 ||     4
  Evoke: Wand              |       |       |       |    11 ||    11
    Use: Scroll            |       |       |     6 |     1 ||     7
         Potion            |       |       |     1 |     3 ||     4
   Stab: Sleeping          |     1 |     6 |       |     1 ||     8
 Armour: Robe              |     5 |     1 |       |       ||     6
         Ring mail         |       |    50 |    16 |       ||    66
         Scale mail        |       |       |    36 |    83 ||   119
         Plate armour      |       |       |       |    55 ||    55
  Dodge: Dodged            |    10 |   103 |    62 |   100 ||   275
  Block: Buckler           |       |       |    16 |    78 ||    94
